 Dungeon Crawl Stone Soup version 0.20.1-4-g4af34eaf8e (webtiles) character file.

165 Alfie the Shooter (level 5, -4/45 HPs)
             Began as a Minotaur Hunter on Mar 10, 2020.
             Slain by an ogre
             ... wielding a +0 giant spiked club
              (23 damage)
             ... on level 4 of the Dungeon.
             The game lasted 00:06:30 (2198 turns).

Alfie the Shooter (Minotaur Hunter)                 Turns: 2198, Time: 00:06:31

Health: -4/45      AC:  4    Str: 17    XL:     5   Next: 22%
Magic:  4/4        EV: 12    Int:  8    God:
Gold:   188        SH:  0    Dex: 11    Spells: 4/4 levels left

rFire    . . .     SeeInvis .   a - +1 shortbow
rCold    . . .     Gourm    .   (shield currently unavailable)
rNeg     . . .     Faith    .   c - +1 leather armour
rPois    .         Spirit   .   (helmet restricted)
rElec    .         Reflect  .   (no cloak)
rCorr    .         Harm     .   (no gloves)
MR       .....                  (no boots)
Stlth    +.........             (no amulet)
Regen    0.2/turn               (no ring)
MPRegen  0.1/turn               (no ring)

@: no status effects
A: retaliatory headbutt, horns 2
a: no special abilities


You were on level 4 of the Dungeon.
You were not hungry.

You visited 1 branch of the dungeon, and saw 4 of its levels.

You collected 188 gold pieces.

Inventory:

Hand Weapons
 a - a +1 shortbow (weapon)
 b - a +0 short sword
Missiles
 h - 2 tomahawks (quivered)
Armour
 c - a +1 leather armour (worn)
Wands
 m - a wand of confusion (45/48)
Scrolls
 i - 3 scrolls of magic mapping {unknown}
 n - 3 scrolls of remove curse
 p - a scroll of enchant armour
Potions
 e - 2 potions of flight {unknown}
 g - a potion of invisibility {unknown}
 l - a potion of brilliance {unknown}
 o - a potion of curing {unknown}
 r - 3 potions of degeneration {unknown}
Comestibles
 f - 5 bread rations
 j - a meat ration


   Skills:
 + Level 3.5 Fighting
 + Level 1.0 Short Blades
 + Level 6.0 Bows
 + Level 1.4 Armour
 + Level 2.5 Dodging
 + Level 1.1 Stealth


You had 4 spell levels left.
You didn't know any spells.

Dungeon Overview and Level Annotations

Branches:
Dungeon (4/15)
 Temple: D:4-7

Altars:
Makhleb
Vehumet


Innate Abilities, Weirdness & Mutations

You reflexively headbutt those who attack you in melee.
You have a pair of horns on your head.


Message History

The ogre is lightly wounded.
Firing (i - inventory. (,) - cycle):
d - an arrow (quivered)
Press: ? - help, Shift-Dir - straight line, f/p - ogre
Aim: an ogre, wielding a giant spiked club (lightly wounded)
You shoot an arrow. The arrow hits the ogre.
The ogre is moderately wounded.
The ogre hits you with a giant spiked club!!
Throwing (i - inventory):
h - 4 tomahawks (quivered)
Press: ? - help, Shift-Dir - straight line, f/p - ogre
Aim: an ogre, wielding a giant spiked club (moderately wounded)
You throw a tomahawk. The tomahawk barely misses the ogre.
The ogre hits you with a giant spiked club!
Throwing (i - inventory):
h - 3 tomahawks (quivered)
Press: ? - help, Shift-Dir - straight line, f/p - ogre
Aim: an ogre, wielding a giant spiked club (moderately wounded)
You throw a tomahawk.
The tomahawk completely misses the ogre.
The ogre hits you with a giant spiked club!!
Ouch! That really hurt!
You die...

######## ########
.......# #......#
.......######......###
............'........
.......######......####
.........####.........#
.....[.#.#............##
♣###+#.#.#..............
..##............@O.>..(#
♣........#.########....#
.........#.## ...#
.........#..# #
..<......##.#
.........##.#
............#
........##### ........#


You could see an ogre.

Vanquished Creatures
  The ghost of Alfie the Shooter, a weakling HuHu (D:3)
  3 gnolls (D:3)
  4 adders
  4 worms
  A dart slug (D:3)
  An orc (D:4)
  A ball python (D:2)
  4 giant cockroaches
  6 goblins
  7 hobgoblins
  4 kobolds
  2 quokkas (D:4)
  2 bats (D:2)
  8 frilled lizards
  3 rats
51 creatures vanquished.

Vanquished Creatures (others)
  5 toadstools (D:1)
5 creatures vanquished.

Grand Total: 56 creatures vanquished

Notes
Turn   | Place    | Note
-------+----------+-------------------------------------------
     0 | D:1      | Alfie the Minotaur Hunter began the quest for the Orb.
     0 | D:1      | Reached XP level 1. HP: 18/18 MP: 0/0
   246 | D:1      | Reached XP level 2. HP: 24/25 MP: 1/1
   619 | D:2      | Reached skill level 5 in Bows
   641 | D:2      | Reached XP level 3. HP: 20/30 MP: 2/2
   695 | D:2      | Found a burning altar of Makhleb.
   922 | D:2      | Found a radiant altar of Vehumet.
   986 | D:2      | Reached skill level 1 in Stealth
  1404 | D:3      | Reached XP level 4. HP: 38/38 MP: 3/3
  1578 | D:3      | Noticed Alfie's ghost (weakling HuHu)
  1584 | D:3      | Killed Alfie's ghost
  1584 | D:3      | Reached skill level 1 in Armour
  1693 | D:3      | Reached skill level 1 in Short Blades
  1838 | D:3      | Reached skill level 6 in Bows
  1838 | D:3      | Reached XP level 5. HP: 17/45 MP: 4/4
  2191 | D:4      | Noticed an ogre
  2198 | D:4      | Slain by an ogre

Skill      XL: |  1  2  3  4 |
---------------+-------------+-----
Bows           | 5 6 |  6.0
Stealth        | 1 |  1.1
Fighting       | 3 |  3.5
Armour         | 1 |  1.4
Short Blades   | 1 |  1.0
Dodging        | |  2.5

Action                   |  1- 3 |  4- 6 || total
-------------------------+-------+-------++-------
Melee: Short sword       |    32 |     2 ||    34
       Headbutt          |     5 |       ||     5
 Fire: Shortbow          |    51 |    47 ||    98
Throw: Tomahawk          |       |     2 ||     2
Evoke: Wand              |       |     3 ||     3
  Use: Scroll            |     5 |     1 ||     6
  Eat: Royal jelly       |     1 |     1 ||     2
       Fruit             |     1 |       ||     1
Armor: Leather armour    |    11 |     1 ||    12
Dodge: Dodged            |    34 |    10 ||    44
